 Dungeon Crawl Stone Soup version 0.28.0-53-g5a82cb258f (webtiles) character file.

Game seed: 2419118250389790570

105 MalarOregon the Skirmisher (level 4, 0/40 HPs)
             Began as a Palentonga Fighter on June 15, 2022.
             Slain by an ufetubus (2 damage)
             ... on level 6 of the Dungeon.
             The game lasted 00:04:41 (1849 turns).

MalarOregon the Skirmisher (Palentonga Fighter)     Turns: 1849, Time: 00:04:41

Health: 0/40       AC:  7    Str: 21    XL:     4   Next: 54%
Magic:  4/5        EV:  7    Int:  8    God:
Gold:   69         SH:  4    Dex: 10    Spells: 3/4 levels left

rFire   . . .      SeeInvis +   h - +2 mace (holy)
rCold   . . .      Faith    .   c - +0 buckler
rNeg    . . .      Spirit   .   b - +0 scale mail
rPois   .          Reflect  .   (no helmet)
rElec   .          Harm     .   (no cloak)
rCorr   .          Rampage  .   k - +0 pair of gloves
Will    .....                   (no barding)
Stlth   ..........              (no amulet)
HPRegen 0.13/turn               (no ring)
MPRegen 0.09/turn               (no ring)

@: no status effects
A: large, rugged brown scales 3, see invisible, deformed body, roll 1, armoured
tail
a: Rolling Charge


You were on level 6 of the Dungeon.
You visited 1 branch of the dungeon, and saw 5 of its levels.

You collected 69 gold pieces.


Innate Abilities, Weirdness & Mutations

You are completely covered in rugged brown scales. (AC +3, +7% HP)
You have supernaturally acute eyesight. (SInv)
Armour fits poorly on your strangely shaped body.
You can roll at nearby foes to attack.
You have a long armoured tail.


   Skills:
 + Level 4.5 Fighting
 - Level 2.0 Maces & Flails
 - Level 2.4 Armour
 + Level 2.7 Shields
 + Level 0.9 Spellcasting
 * Level 1.6 Necromancy


You had 3 spell levels left.
You knew the following spells:

 Your Spells              Type           Power      Damage    Failure   Level
a - Pain                  Necr           12%        1d4       56%         1

Your spell library contained the following spells:

 Spells                   Type           Power      Damage    Failure   Level
 Agony                    Necr           3%         N/A       100%        5
 Excruciating Wounds      Necr           1%         N/A       100%        5

Inventory:

Hand Weapons
 a - a +0 flail
 h - a +2 mace of holy wrath (weapon)
   (You found it on level 1 of the Dungeon)
Missiles
 l - 3 poisoned darts
Armour
 b - a +0 scale mail (worn)
 c - a +0 buckler (worn)
 k - a +0 pair of gloves (worn)
   (You found it on level 1 of the Dungeon)
Jewellery
 p - a ring of ice
   (You found it on level 2 of the Dungeon)
Scrolls
 e - a scroll of noise {unknown}
 f - a scroll of enchant weapon {unknown}
 m - a scroll of immolation {unknown}
 o - a scroll of acquirement {unknown}
 q - a scroll of torment {unknown}
 r - a scroll of enchant armour {unknown}
 s - 3 scrolls of identify {unknown}
Potions
 d - a potion of might
 g - a potion of curing {unknown}
 i - a potion of attraction {unknown}
 j - a potion of flight {unknown}
 n - a potion of heal wounds {unknown}

Dungeon Overview and Level Annotations

Branches:
Dungeon (6/15)
 Temple: D:4-7

Altars:
Xom

Shops:
D:1

( #..# ......
#########..# ......
#..........# ......
##.######.#########
#.# #.......... #.#
########### #.# #5#
#@# ###


You could see an ufetubus.


Message History

You feel agile.
Things that are here:
a +0 flail; a gnoll corpse You open the door.
There is an open door here.
An ufetubus comes into view.
The ufetubus shouts!
The ufetubus hits you but does no damage. x2
You closely miss the ufetubus.
The ufetubus hits you but does no damage.
The ufetubus closely misses you. The ufetubus hits you.
You block the ufetubus's attack.
You closely miss the ufetubus. The ufetubus barely misses you.
The ufetubus hits you.
The ufetubus hits you but does no damage. x2
You sock the ufetubus!
You kill the ufetubus!
No target in view!
Found a stone staircase leading up.
There is a stone staircase leading up here.
You climb upwards.
The ufetubus shouts!
The hound barks!
Found a scroll labelled POSIET SEISASO and 14 gold pieces.
There is a stone staircase leading down here.
You barely miss the ufetubus. You tail-slap the ufetubus.
The ufetubus hits you but does no damage.
You block the ufetubus's attack.
The ufetubus hits you but does no damage. x2
You barely miss the ufetubus. The hound bites you.
The ufetubus closely misses you. x2; The hound bites you but does no damage.
The ufetubus hits you but does no damage.
You block the ufetubus's attack.
You closely miss the ufetubus.
Your tail-slap misses the ufetubus.
The hound closely misses you. You block the ufetubus's attack.
The ufetubus hits you. The hound bites you but does no damage.
The ufetubus hits you but does no damage. x2
You hit the hound. You block the hound's attack.
You block the ufetubus's attack.
The ufetubus hits you but does no damage.
The hound bites you but does no damage. The ufetubus closely misses you.
The ufetubus barely misses you.
You hit the hound.
Your tail-slap misses the hound.
The hound bites you.
The ufetubus hits you but does no damage.
You block the ufetubus's attack.
A dart slug comes into view.
The hound bites you but does no damage.
The ufetubus hits you but does no damage. x2
You closely miss the hound. The hound closely misses you.
The ufetubus closely misses you. The ufetubus barely misses you.
The hound stops to sniff the ground.
The hound bites you.
The ufetubus hits you but does no damage.
The ufetubus hits you.
You hit the hound. The hound bites you but does no damage.
The ufetubus hits you. x2; The hound misses you.
The ufetubus hits you but does no damage.
The ufetubus barely misses you.
You miss the hound. You tail-slap the hound. The hound bites you.
The ufetubus barely misses you.
The ufetubus hits you but does no damage.
The hound bites you.
* * * LOW HITPOINT WARNING * * *
The ufetubus hits you but does no damage.
You block the ufetubus's attack. You block the hound's attack.
The ufetubus barely misses you.
The ufetubus hits you but does no damage.
The hound barely misses you.
The ufetubus hits you but does no damage. x2
You climb downwards.
There is a stone staircase leading up here.
Unknown command.
You hit the hound.
The hound bites you but does no damage. x2
You sock the hound!
You kill the hound!
The ufetubus hits you but does no damage.
You block the ufetubus's attack.
You closely miss the ufetubus. You tail-slap the ufetubus.
The ufetubus hits you.
* * * LOW HITPOINT WARNING * * *
The ufetubus hits you but does no damage.
The ufetubus hits you.
* * * LOW HITPOINT WARNING * * *
The ufetubus hits you.
* * * LOW HITPOINT WARNING * * *
You hit the ufetubus but do no damage. The ufetubus hits you.
* * * LOW HITPOINT WARNING * * *
The ufetubus hits you.
* * * LOW HITPOINT WARNING * * *
You block the ufetubus's attack. The ufetubus barely misses you.
Press: ? - help, v - describe, . - travel, g - get item
Here: an ufetubus (almost dead) Item here: a hound corpse.
The floor.
Unknown command.
You barely miss the ufetubus.
The ufetubus hits you but does no damage.
The ufetubus barely misses you. The ufetubus hits you.
* * * LOW HITPOINT WARNING * * *
The ufetubus hits you.
You die...

Skill      XL: |  1  2  3 |
---------------+----------+-----
Fighting       | 4 |  4.5
Necromancy     | 1 |  1.6
Maces & Flails | |  2.0
Armour         | |  2.4
Shields        | |  2.7
Spellcasting   | |  0.9

Action                   |  1- 3 |  4- 6 || total
-------------------------+-------+-------++-------
Melee: Flail             |    28 |       ||    28
       Tailslap          |    16 |     3 ||    19
       Mace              |    87 |    16 ||   103
 Abil: Rolling Charge    |     1 |       ||     1
Armor: Scale mail        |    74 |    32 ||   106
Dodge: Dodged            |    45 |    17 ||    62
Block: Buckler           |    20 |    11 ||    31

Levels and vault maps discovered:
D:1:      arrival_aquarium_b, layout_basic, serial_shops, nicolae_square_shop,
          chequers_ecumenical_altar_grove, st_stairs_13
D:2:      layout_loops_ring, basic_altar
D:3:      layout_loops_ring, kennysheep_decorative_pillar,
          kennysheep_generic_room_2
D:5:      layout_rooms, minmay_temple_entry_tees, serial_bayou_ford_a,
          nicolae_elemental_shop, uniq_blork_the_orc
D:6:      layout_basic

Notes
Turn   | Place    | Note
-------+----------+-------------------------------------------
     0 | D:1      | MalarOregon the Palentonga Fighter began the quest for the
                  | Orb.
     0 | D:1      | Reached XP level 1. HP: 19/19 MP: 1/1
     3 | D:1      | Noticed an electric eel
     4 | D:1      | Noticed an electric eel
    38 | D:1      | Found Vyarri's Weapon Shop.
    53 | D:1      | Reached XP level 2. HP: 24/25 MP: 2/2
   445 | D:1      | Found a faded altar of an unknown god.
   722 | D:2      | Reached skill level 4 in Fighting
   770 | D:2      | Reached XP level 3. HP: 24/32 MP: 3/3
   908 | D:2      | You pick up a book of Pain and begin reading...
   908 | D:2      | You add the spells Pain, Agony and Excruciating Wounds to
                  | your library.
  1027 | D:2      | Found a shimmering altar of Xom.
  1132 | D:2      | Learned a level 1 spell: Pain
  1483 | D:3      | You fall into a shaft and drop 3 floors!
  1712 | D:5      | Entered Level 5 of the Dungeon
  1717 | D:5      | Noticed a gnoll sergeant
  1723 | D:6      | Reached skill level 1 in Necromancy
  1723 | D:6      | Reached XP level 4. HP: 40/40 MP: 4/4
  1847 | D:6      | HP: 10/40 [ufetubus (4)]
  1849 | D:6      | HP: 2/40 [ufetubus (3)]
  1849 | D:6      | Slain by an ufetubus

Vanquished Creatures
  A hound (D:6)
  A gnoll (D:6)
  An adder (D:6)
  An ufetubus (D:6)
  2 worms (D:2)
  A dart slug (D:2)
  4 ball pythons
  3 endoplasms
  A giant cockroach (D:1)
  6 goblins
  4 hobgoblins
  6 jackals
  2 bats (D:1)
  A frilled lizard (D:2)
  2 kobolds (D:1)
  5 rats
41 creatures vanquished.

Table legend:
 A = Non-vault XP
 B = Vault XP
 C = Vault XP percentage of total XP
 D = Non-vault monster count
 E = Vault monster count
 F = Vault count percentage of total count
                 A         B        C        D         E       F
            +---------+---------+-------+---------+---------+-------
      Total |     148 |       3 |   2.0 |      39 |       2 |   4.9
            +---------+---------+-------+---------+---------+-------
        D:1 |      25 |       3 |  10.7 |      14 |       2 |  12.5
        D:2 |      42 |       0 |   0.0 |      21 |       0 |   0.0
        D:6 |      81 |       0 |   0.0 |       4 |       0 |   0.0
            +---------+---------+-------+---------+---------+-------

Illustrated notes

Table legend:
 A = Kills in this place as a percentage of kills in entire the game.
 B = Kills by you in this place as a percentage of kills by you in the entire game.
 C = Kills by friends in this place as a percentage of kills by friends in the entire game.
 D = Other kills in this place as a percentage of other kills in the entire game.
 E = Experience gained in this place as a percentage of experience gained in the entire game.
 F = Experience gained in this place divided by the number of levels of this place that you have seen.
                   A       B       C       D       E      F
               +-------+-------+-------+-------+-------+----------------------
         Total | 100.0 | 100.0 |   N/A |   N/A | 100.0 |  30.2
       Dungeon | 100.0 | 100.0 |   N/A |   N/A | 100.0 |  30.2
               +-------+-------+-------+-------+-------+----------------------

Table legend: (Time is in decaauts)
 A = Elapsed time spent in this place.
 B = Non-inter-level travel time spent in this place.
 C = Inter-level travel time spent in this place.
 D = Time resting spent in this place.
 E = Time spent auto-exploring this place.
 F = Levels seen in this place.
 G = Mean time per level.
                   A        B        C        D        E       F      G
               +--------+--------+--------+--------+--------+-----+--------+
         Total |   1893 |   1802 |     91 |    184 |   1252 |   5 |  378.6 |
       Dungeon |   1893 |   1802 |     91 |    184 |   1252 |   5 |  378.6 |
               +--------+--------+--------+--------+--------+-----+--------+

Top non-repeatable levels by time:
     D:2: 781 daAuts
     D:1: 736 daAuts
     D:6: 354 daAuts
     D:5: 21 daAuts
